 Dungeon Crawl Stone Soup version 0.21.1-1-g345015fe64 (webtiles) character file.

312 Knicklaso the Grave Robber (level 6, -1/46 HPs)
             Began as a Human Necromancer on Apr 10, 2018.
             Was a Follower of Wu Jian.
             Slain by a sky beast (6 damage)
             ... on level 5 of the Dungeon.
             The game lasted 00:18:23 (4759 turns).

Knicklaso the Grave Robber (Human Necromancer)      Turns: 4759, Time: 00:18:24

Health: -1/46      AC:  3    Str:  9    XL:     6   Next: 71%
Magic:  4/10       EV: 13    Int: 17    God:    Wu Jian [*.....]
Gold:   220        SH:  0    Dex: 13    Spells: 4/11 levels left

rFire    . . .     SeeInvis .   p - +0 dagger (venom)
rCold    . . .     Gourm    .   (no shield)
rNeg     . . .     Faith    .   a - +0 robe
rPois    .         Spirit   .   (no helmet)
rElec    .         Reflect  .   o - +0 cloak
rCorr    .         Harm     .   (no gloves)
MR       .....                  (no boots)
Stlth    ++........             (no amulet)
HPRegen  0.15/turn              (no ring)
MPRegen  0.12/turn              (no ring)

@: flying
A: no striking features
a: Renounce Religion


You were on level 5 of the Dungeon.
You worshipped Wu Jian.
Wu Jian was aware of your devotion.
You were not hungry.

You visited 1 branch of the dungeon, and saw 5 of its levels.

You collected 220 gold pieces.

Inventory:

Hand Weapons
 p - a +0 dagger of venom (weapon)
Armour
 a - a +0 robe (worn)
 o - a +0 cloak (worn)
Wands
 r - a wand of disintegration (15)
Scrolls
 g - a scroll of enchant armour {unknown}
 i - 6 scrolls of teleportation {unknown}
 j - 2 scrolls of random uselessness {unknown}
 k - 5 scrolls of identify {unknown}
 s - a scroll of blinking {unknown}
 u - 2 scrolls of amnesia {unknown}
 v - 2 scrolls of remove curse {unknown}
 w - a scroll of fear {unknown}
Potions
 d - a potion of lignification {unknown}
 e - a potion of haste {unknown}
 f - a potion of flight
 h - a potion of invisibility {unknown}
 l - a potion of degeneration {unknown}
 m - 2 potions of might {unknown}
 n - a potion of mutation {unknown}
 q - a potion of curing {unknown}
 t - a potion of brilliance {unknown}
 z - a potion of agility {unknown}
Books
 b - a book of Necromancy

   Spells                             Type                      Level
   a - Pain                           Necromancy                   1
   b - Animate Skeleton               Necromancy                   1
   c - Vampiric Draining              Necromancy                   3
   d - Regeneration                   Charms/Necromancy            3
   e - Animate Dead                   Necromancy                   4
   f - Borgnjor's Vile Clutch         Necromancy/Earth             5
 x - a book of Maledictions

   Spells                             Type                      Level
   a - Corona                         Hexes                        1
   b - Ensorcelled Hibernation        Hexes/Ice                    2
   c - Confuse                        Hexes                        3
   d - Tukima's Dance                 Hexes                        3
   e - Dazzling Spray                 Conjuration/Hexes            3
Comestibles
 c - 8 rations


   Skills:
 + Level 2.5 Fighting
 - Level 3.2 Dodging
 - Level 2.0 Stealth
 + Level 3.2 Spellcasting
 * Level 5.6 Necromancy


You had 4 spell levels left.
You knew the following spells:

 Your Spells              Type           Power        Failure   Level  Hunger
a - Pain                  Necr           ###.         1%          1    None
b - Animate Skeleton      Necr           N/A          1%          1    None
c - Borgnjor's Vile Clut  Necr/Erth      ##........   82%         5    ######.


Dungeon Overview and Level Annotations

Branches:
Dungeon (5/15)
 Temple: D:4-7

Altars:
Ashenzari
Dithmenos
Elyvilon
Sif Muna
Wu Jian

Shops:
D:5 !

Annotations:
D:4 Stelma's ghost, amateur CeHu


Message History

Aim: a sky beast (severely wounded, chance to defeat MR: 81%)
The sky beast barely resists.
The adder skeleton closely misses you. The sky beast hits you.
The sky beast shocks you. The adder skeleton misses you.
Casting: Pain
Confirm with . or Enter, or press ? or * to list all spells.
Aiming: Pain
Press: ? - help, Shift-Dir - straight line, f/p - sky beast
Aim: a sky beast (severely wounded, chance to defeat MR: 81%)
The sky beast writhes in agony!
The sky beast hits you.
* * * LOW HITPOINT WARNING * * *
The sky beast shocks you.
* * * LOW HITPOINT WARNING * * *
The adder skeleton completely misses you.
It was a potion of flight.
You feel very buoyant.
You fly up into the air.
The sky beast hits you.
* * * LOW HITPOINT WARNING * * *
The sky beast shocks you.
You die...

#.....#
##+##.....#########
..........#...##..#
...........∩.∩....#
..................#
..........#∩.∩....#
..........#...>...#
..........+....YZ.#
..........###+##@.#
..#####..... #..#
..#...#..... #..#
..#...#..... #..#
..#...# .. #..#
..'...# #..#
..#...# #..#
..#...# ####
..#...######


You could see a sky beast and an adder skeleton.

Vanquished Creatures
  A howler monkey (D:4)
  A bullfrog skeleton (D:5)
  2 worker ants (D:4)
  6 adders
  2 oozes (D:2)
  An adder skeleton (D:4)
  2 dart slugs
  4 leopard geckos
  6 orcs
  2 ball pythons
  3 giant cockroaches (D:2)
  12 hobgoblins
  7 jackals
  4 quokkas
  4 bats
  7 frilled lizards
  6 goblins
  A jackal skeleton (D:4)
  13 kobolds
  2 leopard gecko skeletons
  7 rats
93 creatures vanquished.

Vanquished Creatures (collateral kills)
  An iguana (D:4)
  An adder (D:2)
  A giant cockroach (D:2)
3 creatures vanquished.

Grand Total: 96 creatures vanquished

Notes
Turn   | Place    | Note
-------+----------+-------------------------------------------
     0 | D:1      | Knicklaso the Human Necromancer began the quest for the Orb.
     0 | D:1      | Reached XP level 1. HP: 13/13 MP: 3/3
   177 | D:1      | Reached XP level 2. HP: 17/20 MP: 0/5
   701 | D:1      | Reached XP level 3. HP: 24/25 MP: 3/6
   866 | D:1      | Reached skill level 1 in Fighting
  1287 | D:2      | Learned a level 1 spell: Animate Skeleton
  1363 | D:2      | Reached XP level 4. HP: 29/32 MP: 1/7
  2447 | D:2      | Reached XP level 5. HP: 34/37 MP: 4/8
  2810 | D:3      | Reached skill level 5 in Necromancy
  2824 | D:3      | Found a faded altar of an unknown god.
  2865 | D:3      | Became a worshipper of the Wu Jian Council
  2865 | D:3      | Reached * piety under Wu Jian
  3508 | D:4      | Found a white marble altar of Elyvilon.
  3543 | D:4      | Found a shadowy altar of Dithmenos.
  3596 | D:4      | Noticed Stelma's ghost (amateur CeHu)
  3748 | D:4      | Reached XP level 6. HP: 36/44 MP: 4/10
  3855 | D:4      | Learned a level 5 spell: Borgnjor's Vile Clutch
  3990 | D:4      | Found a deep blue altar of Sif Muna.
  4260 | D:5      | Entered Level 5 of the Dungeon
  4605 | D:5      | Found a shattered altar of Ashenzari.
  4649 | D:5      | Noticed a sky beast
  4716 | D:5      | Noticed a sky beast
  4741 | D:5      | Found Fiupn's Distillery.
  4759 | D:5      | Slain by a sky beast

Skill      XL: |  1  2  3  4  5 |
---------------+----------------+-----
Fighting       | 1 2 |  2.5
Necromancy     | 5 |  5.6
Dodging        | 3 |  3.2
Spellcasting   | 3 |  3.2
Stealth        | |  2.0

Action                   |  1- 3 |  4- 6 || total
-------------------------+-------+-------++-------
Melee: Dagger            |       |   105 ||   105
 Cast: Pain              |    56 |   113 ||   169
       Animate Skeleton  |     3 |    11 ||    14
Invok: Lunge             |       |     5 ||     5
       Whirlwind         |       |     4 ||     4
  Use: Potion            |       |     1 ||     1
 Stab: Sleeping          |       |     1 ||     1
  Eat: Chunk             |     2 |     8 ||    10
       Ration            |       |     1 ||     1
Armor: Robe              |     1 |    21 ||    22
Dodge: Dodged            |    11 |    88 ||    99
